 Dungeon Crawl Stone Soup version 0.29.1-1-gd02db69 (webtiles) character file.

Game seed: 10614580427392740354

107 Timinator the Ruffian (level 4, -3/35 HPs)
             Began as a Demigod Transmuter on Dec 18, 2022.
             Killed by nerve-wracking pain
             ... invoked by an orc priest
              (11 damage)
             ... on level 4 of the Dungeon.
             The game lasted 00:08:26 (2961 turns).

Timinator the Ruffian (Demigod Transmuter)          Turns: 2961, Time: 00:08:27

Health: -3/35      AC:  8    Str: 15    XL:     4   Next: 32%
Magic:  9/10       EV: 12    Int: 15    God:
Gold:   121        SH:  0    Dex: 14    Spells: 4/7 levels left

rFire   . . .      SeeInvis .     - Unarmed
rCold   . . .      Faith    .   (no shield)
rNeg    . . .      Spirit   .   k - +0 leather armour
rPois   .          Reflect  .   (helmet currently unavailable)
rElec   .          Harm     .   l - +0 cloak
rCorr   .          Rampage  .   (no gloves)
Will    .....                   (boots currently unavailable)
Stlth   +.........              (no amulet)
HPRegen 0.11/turn               d - +4 ring of protection
MPRegen 0.12/turn               (no ring)

@: appendages
A: horns 2, talons 2, high MP 1, forlorn, divine attributes
a: End Transformation


You were on level 4 of the Dungeon.
You had temporarily grown beastly horns and talons.
You visited 1 branch of the dungeon, and saw 4 of its levels.

You collected 121 gold pieces.

Inventory:

Missiles
 r - a throwing net
Armour
 j - a +0 ring mail
 k - a +0 leather armour (worn)
 l - a +0 cloak (worn)
 q - a +0 helmet
Jewellery
 d - a +4 ring of protection (left hand)
 p - a ring of resist corrosion
Scrolls
 a - a scroll of poison {unknown}
 c - 6 scrolls of identify {unknown}
 e - a scroll of magic mapping {unknown}
 h - a scroll of blinking {unknown}
 i - a scroll of teleportation {unknown}
 m - 3 scrolls of acquirement {unknown}
 o - a scroll of immolation {unknown}
Potions
 b - a potion of curing {unknown}
 f - 3 potions of brilliance {unknown}
 g - a potion of cancellation {unknown}
 n - a potion of attraction {unknown}
 s - a potion of magic {unknown}


   Skills:
 * Level 1.6 Fighting
 * Level 1.2 Armour
 * Level 2.2 Dodging
 + Level 3.2 Unarmed Combat
 + Level 2.3 Spellcasting
 * Level 2.4 Transmutations


You had 4 spell levels left.
You knew the following spells:

 Your Spells              Type           Power      Damage    Failure   Level
a - Beastly Appendage     Tmut           18%        N/A       10%         1
b - Wereblood             Tmut           9%         N/A       14%         2

Your spell library contained the following spells:

 Spells                   Type           Power      Damage    Failure   Level
 Spider Form              Tmut/Pois      5%         N/A       43%         3
 Ice Form                 Ice/Tmut       5%         N/A       85%         4


Dungeon Overview and Level Annotations

Branches:
Dungeon (4/15)
 Temple: D:4-7


Innate Abilities, Weirdness & Mutations

You have temporarily grown beastly horns and talons.
You have an increased reservoir of magic. (+10% MP)
You shall have no god before yourself.
Your divine heritage dramatically boosts your attributes as you level up.


Message History

The orc priest mumbles some strange prayers to Beogh against you.
Beogh smites you!
You closely miss the orc. Your kick misses the orc.
The orc is heavily wounded.
An orc comes into view. It is wielding a +0 club.
The orc shouts!
The orc closely misses you. The orc hits you but does no damage.
You hit the orc.
You kill the orc!
The orc hits you but does no damage.
Your magical contamination has completely faded away.
The orc priest calls down the wrath of Beogh upon you.
Beogh smites you!
Things that are here:
a +0 club; a +0 ring mail; an orc corpse You hit the orc.
Your kick misses the orc. You headbutt the orc.
The orc is almost dead.
The orc barely misses you.
You hit the orc.
You kill the orc!
Your life force feels restored.
You hit the orc priest but do no damage.
You claw the orc priest, but do no damage.
You headbutt the orc priest, but do no damage.
The orc priest misses you.
You hit the orc priest. Your kick misses the orc priest.
You headbutt the orc priest, but do no damage.
The orc priest is lightly wounded.
You barely miss the orc priest.
The orc priest is lightly wounded.
The orc hits you with a +0 dagger.
* * * LOW HITPOINT WARNING * * *
The orc priest hits you with a +0 club.
* * * LOW HITPOINT WARNING * * *
You hit the orc but do no damage. You headbutt the orc.
The orc is almost dead.
The orc hits you but does no damage.
The orc priest invokes the aid of Beogh against you.
Pain shoots through your body!
You die...

#.# #<#
#.# ###
#.# #.#
#.# #.#
#.#
########o#
......oo@#
##########


You could see an orc priest and 2 orcs.

Vanquished Creatures
  Jessica (D:2)
  Robin (D:3)
  An adder (D:2)
  A worm (D:3)
  2 orcs (D:4)
  8 bats
  3 endoplasms
  A giant cockroach (D:2)
  7 hobgoblins
  A quokka (D:2)
  A ball python (D:3)
  2 frilled lizards
  14 goblins
  5 kobolds
  7 rats
55 creatures vanquished.

Notes
Turn   | Place    | Note
-------+----------+-------------------------------------------
     0 | D:1      | Timinator the Demigod Transmuter began the quest for the
                  | Orb.
     0 | D:1      | Reached XP level 1. HP: 15/15 MP: 5/5
    66 | D:1      | Reached skill level 1 in Fighting
   302 | D:1      | Reached XP level 2. HP: 23/23 MP: 5/7
   964 | D:1      | Reached skill level 3 in Unarmed Combat
  1317 | D:2      | Noticed Jessica
  1334 | D:2      | Killed Jessica
  1335 | D:2      | Reached XP level 3. HP: 28/28 MP: 6/8
  2375 | D:3      | Reached skill level 1 in Armour
  2518 | D:3      | Noticed Robin
  2537 | D:3      | Reached XP level 4. HP: 25/35 MP: 10/10
  2550 | D:3      | Killed Robin
  2688 | D:3      | Learned a level 2 spell: Wereblood
  2710 | D:3      | Noticed a +0 spear
  2710 | D:3      | Noticed a +0 short sword
  2711 | D:3      | Noticed a +0 dagger
  2711 | D:3      | Noticed a +0 spear
  2712 | D:3      | Noticed a +0 falchion
  2712 | D:3      | Noticed a +0 dagger
  2713 | D:3      | Noticed a +0 falchion
  2715 | D:3      | Noticed a +0 short sword
  2961 | D:4      | Killed from afar by an orc priest

Illustrated notes

Levels and vault maps discovered:
D:1:      dpeg_arrival_central, layout_loops_ring
D:2:      layout_basic, minmay_tromino_v4_c, uniq_jessica
D:3:      layout_rooms, slow_altar_1, nicolae_uskayaw_en_pointe, uniq_robin
D:4:      layout_basic, mainiacjoe_overflow_six_doors_small, kennysheep_nub,
          minmay_misc_feat_rugged

Skill      XL: |  1  2  3 |
---------------+----------+-----
Fighting       | 1 |  1.6
Dodging        | 2 |  2.2
Transmutations | 2 |  2.4
Unarmed Combat | 3 |  3.2
Spellcasting   | 2 |  2.3
Armour         | 1 |  1.2

Action                   |  1- 3 |  4- 6 || total
-------------------------+-------+-------++-------
Melee: Unarmed           |   117 |    37 ||   154
       Headbutt          |    12 |     5 ||    17
       Kick              |    21 |     2 ||    23
       Punch             |     1 |       ||     1
 Cast: Beastly Appendage |    27 |     2 ||    29
  Use: Potion            |       |     1 ||     1
Armor: Robe              |    13 |       ||    13
       Leather armour    |     8 |     7 ||    15
       Skin              |       |    44 ||    44
Dodge: Dodged            |    64 |    12 ||    76
